 Dungeon Crawl Stone Soup version 0.31-a0-1002-g8e65716e6e (webtiles) character file.

Game seed: 6244847737537053936

224 BinkBink the Covered (level 6, 0/38 HPs)
             Began as a Gargoyle Fighter on Nov 10, 2023.
             Killed by divine providence
             ... invoked by an orc priest
              (13 damage)
             ... on level 5 of the Dungeon.
             The game lasted 00:03:43 (2784 turns).

BinkBink the Covered (Gargoyle Fighter)             Turns: 2784, Time: 00:03:43

Health: 0/38       AC: 16    Str: 20    XL:     6   Next: 0%
Magic:  6/6        EV:  7    Int:  8    God:
Gold:   123        SH:  8    Dex: 11    Spells: 5/5 levels left

rFire   . . .        a - +0 long sword
rCold   + . .        h - +0 kite shield
rNeg    + . .        p - +1 chain mail {rC+}
rPois   ∞            (no helmet)
rElec   +            (no cloak)
rCorr   .            (no gloves)
SInv    .            o - +0 pair of boots
Will    .....        (no amulet) Stlth
                     (no ring)
HPRegen 0.26/turn    (no ring)
MPRegen 0.10/turn

%: no passive effects
@: no status effects
A: sickness immunity, AC +4, negative energy resistance 1, electricity
resistance, torment resistance 1, petrification resistance
a: no special abilities


You were on level 5 of the Dungeon.
You visited 1 branch of the dungeon, and saw 5 of its levels.

You collected 123 gold pieces.

Inventory:

Hand Weapons
 a - a +0 long sword (weapon)
Armour
 b - a +0 scale mail
 h - a +0 kite shield (worn)
 o - a +0 pair of boots (worn)
 p - a +1 chain mail of cold resistance (worn)
Scrolls
 c - a scroll of enchant weapon {unknown}
 e - a scroll of fog {unknown}
 f - 6 scrolls of teleportation {unknown}
 g - 9 scrolls of identify {unknown}
 i - a scroll of fear {unknown}
 m - a scroll of amnesia {unknown}
 n - a scroll of vulnerability {unknown}
 r - a scroll of silence {unknown}
 t - a scroll of enchant armour {unknown}
Potions
 d - 2 potions of might
 j - a potion of enlightenment {unknown}
 k - 2 potions of lignification {unknown}
 l - a potion of heal wounds {unknown}
 q - a potion of curing {unknown}
 s - a potion of resistance {unknown}


   Skills:
 + Level 4.1 Fighting
 + Level 2.7 Long Blades
 + Level 4.2 Armour
 * Level 2.5 Dodging
 + Level 4.0 Shields


You had 5 spell levels left.
You didn't know any spells.
Your spell library contained the following spells:

 Spells                   Type           Power      Damage    Failure   Level
 Static Discharge         Conj/Air       0%         3-3/arc   100%        2
 Airstrike                Air            0%         2d(0-16)  100%        4
 Animate Armour           Summ/Erth      0%         N/A       100%        4
 Olgreb's Toxic Radiance  Pois           0%         N/A       100%        4
 Summon Lightning Spire   Summ/Air       0%         N/A       100%        4
 Lee's Rapid Deconstruct  Erth           0%         3d4*      100%        5
 Simulacrum               Ice/Necr       0%         N/A       100%        6
 Ozocubu's Refrigeration  Ice            0%         4d7       100%        7
 Discord                  Hex            0%         N/A       100%        8
 Ignition                 Fire           0%         3d3       100%        8
 Polar Vortex             Ice            0%         N/A       100%        9


Dungeon Overview and Level Annotations

Branches:
Dungeon (5/15)
 Temple: D:4-7

Altars:
Ru
Xom

Shops:
D:4 (


Innate Abilities, Weirdness & Mutations

You are immune to sickness and miasma.
Your stone body is resilient. (AC +4)
You are immune to poison.
You resist negative energy. (rN+)
You are resistant to electric shocks. (rElec)
You are resistant to unholy torment.
You are immune to petrification.


Message History

You open the door.
There is an open door here.
An orc priest comes into view. It is wielding a +0 dagger.
An orc priest is nearby!
An orc priest is nearby! 2 orcs come into view.
The orc shouts!
An orc comes into view. It is wielding a +0 hand axe.
The orc priest hits you with a +0 dagger.
You barely miss the orc priest.
The orc priest mumbles some strange prayers to Beogh against you.
Pain shoots through your body!
You barely miss the orc priest. You block the orc's attack.
An orc comes into view. It is wielding a +0 dagger.
The orc shouts!
You hit the orc priest.
The orc priest is lightly wounded.
The orc throws a boomerang.
The boomerang hits you but does no damage.
The orc priest hits you with a +0 dagger.
You block the orc priest's attack. The orc barely misses you.
The orc hits you but does no damage.
The orc throws a boomerang.
You block the boomerang.
The orc priest hits you but does no damage.
The orc attacks as it pursues you! The orc hits you but does no damage.
You slash the orc!
You kill the orc!
You hit the orc.
The orc is heavily wounded.
The orc hits you but does no damage.
The orc priest invokes the aid of Beogh against you.
Beogh smites you!
You hit the orc.
You kill the orc!
The orc barely misses you.
You have reached level 6!
You barely miss the orc. The orc hits you with a +0 mace.
The orc priest invokes the aid of Beogh against you.
Beogh smites you!
You die...

###+#.........
#.............
+.............
######.............
#.....<#'##......#
#.......#.##......#
#######.#.........#
###.####.....#..
#....@oo..#+##.
#.#.###........
#.#..........
#.##o.........
.o....#.....
#...#####.....
..... ..... ###...
.. #...


You could see an orc priest and an orc.

Vanquished Creatures
  A jelly (D:4)
  2 orc priests (D:3)
  An iguana (D:4)
  An orc wizard (D:3)
  2 adders (D:2)
  3 dart slugs
  5 orcs
  2 bats
  5 endoplasms
  4 giant cockroaches
  5 goblins
  7 hobgoblins
  2 quokkas
  3 ball pythons
  3 frilled lizards (D:1)
  7 kobolds
  5 rats
58 creatures vanquished.

Notes
Turn   | Place    | Note
-------+----------+-------------------------------------------
     0 | D:1      | BinkBink the Gargoyle Fighter began the quest for the Orb.
     0 | D:1      | Reached XP level 1. HP: 14/14 MP: 1/1
   277 | D:1      | Reached XP level 2. HP: 19/19 MP: 2/2
   465 | D:1      | Reached skill level 1 in Dodging
   702 | D:2      | Reached XP level 3. HP: 20/23 MP: 3/3
   792 | D:2      | Found a shimmering altar of Xom.
  1071 | D:2      | Reached XP level 4. HP: 28/28 MP: 4/4
  1401 | D:3      | Found a sacrificial altar of Ru.
  1432 | D:3      | Reached XP level 5. HP: 6/33 MP: 5/5
  2325 | D:4      | Found Xuqet's Weapon Shoppe.
  2761 | D:5      | Entered Level 5 of the Dungeon
  2784 | D:5      | Reached XP level 6. HP: 15/38 MP: 6/6
  2784 | D:5      | Killed from afar by an orc priest

Illustrated notes

Levels and vault maps discovered:
D:1:      dpeg_arrival_yet_another_circle, layout_basic
D:2:      layout_rooms, basic_altar, corexii_shack
D:3:      layout_basic, lemuel_round_altar
D:4:      layout_cave_pools, serial_shops, nicolae_shop_just_a_little_nook
D:5:      old_forge, layout_basic, serial_shops, nicolae_shop_tiny_glass,
          grunt_decor_resistance, grunt_decor_one_mirror, uniq_blork_the_orc,
          uniq_duvessa

Skill      XL: |  1  2  3  4  5 |
---------------+----------------+-----
Long Blades    | 2 |  2.7
Dodging        | 1 2 |  2.5
Armour         | 4 |  4.2
Fighting       | 4 |  4.1
Shields        | 4 |  4.0

Action                     |  1- 3 |  4- 6 || total
---------------------------+-------+-------++-------
  Melee: Long sword        |   158 |   100 ||   258
 Armour: Scale mail        |   121 |    59 ||   180
         Chain mail        |       |    40 ||    40
  Dodge: Dodged            |    72 |    20 ||    92
  Block: Buckler           |     5 |       ||     5
         Kite shield       |    70 |    40 ||   110

Table legend: (Time is in decaauts)
 A = Elapsed time spent in this place.
 B = Non-inter-level travel time spent in this place.
 C = Inter-level travel time spent in this place.
 D = Time resting spent in this place.
 E = Time spent auto-exploring this place.
 F = Levels seen in this place.
 G = Mean time per level.
                   A        B        C        D        E       F      G
               +--------+--------+--------+--------+--------+-----+--------+
         Total |   2891 |   2787 |    104 |    159 |   1994 |   5 |  578.2 |
       Dungeon |   2891 |   2787 |    104 |    159 |   1994 |   5 |  578.2 |
               +--------+--------+--------+--------+--------+-----+--------+

Top non-repeatable levels by time:
     D:3: 869 daAuts
     D:1: 703 daAuts
     D:2: 684 daAuts
     D:4: 608 daAuts
     D:5: 25 daAuts
